 Dungeon Crawl Stone Soup version 0.28.0-47-ge53b351184 (webtiles) character file.

Game seed: 3073623146951943511

12635 CryoSword the Cultivator (level 11, -5/83 HPs)
             Began as a Demonspawn Fire Elementalist on May 5, 2022.
             Was a Believer of Fedhas.
             Slain by a death yak simulacrum (9 damage)
             ... in an ice cave.
             The game lasted 00:21:38 (13981 turns).

CryoSword the Cultivator (DsFE)                    Turns: 13981, Time: 00:21:38

Health: -5/83      AC: 18    Str: 13    XL:     11   Next: 65%
Magic:  0/18       EV: 12    Int: 17    God:    Fedhas [**....]
Gold:   352        SH:  0    Dex: 13    Spells: 10/16 levels left

rFire   x x .      SeeInvis +   w - +2 long sword (vamp)
rCold   + + .      Faith    .   (no shield)
rNeg    . . .      Spirit   .   C - +2 ring mail {rPois}
rPois   +          Reflect  .   f - +0 hat {SInv}
rElec   .          Harm     .   d - +0 cloak
rCorr   .          Rampage  .   J - +2 pair of gloves
Will    .....                   y - +2 pair of boots
Stlth   +.........              c - amulet of regeneration
HPRegen 1.03/turn               b - ring of ice
MPRegen 0.16/turn               k - ring of ice

@: no status effects
A: horns 1, yellow scales 2, demonic guardian 1
a: Renounce Religion, Wall of Briars


You were in an ice cave.
You worshipped Fedhas.
Fedhas was pleased with you.
You visited 2 branches of the dungeon, and saw 12 of its levels.
You also visited: Ice Cave.

You collected 729 gold pieces.
You spent 377 gold pieces at shops.

Inventory:

Hand Weapons
 a - a +2 dagger of venom
   (You took it off a kobold on level 1 of the Dungeon)
 w - a +2 vampiric long sword (weapon)
   (You took it off Urug on level 11 of the Dungeon)
Missiles
 e - 29 poisoned darts (quivered)
 t - 3 silver boomerangs
 B - 13 boomerangs
Armour
 d - a +0 cloak (worn)
   (You found it on level 5 of the Dungeon)
 f - a +0 hat of see invisible (worn)
   (You found it on level 11 of the Dungeon)
 y - a +2 pair of boots (worn)
   (You bought it in a shop on level 4 of the Dungeon)
 z - a +0 hat of willpower
   (You took it off Gastronok on level 11 of the Dungeon)
 C - a +2 ring mail of poison resistance (worn)
   (You bought it in a shop on level 4 of the Dungeon)
 J - a +2 pair of gloves (worn)
   (You found it on level 8 of the Dungeon)
Jewellery
 b - a ring of ice (left hand)
   (You found it on level 6 of the Dungeon)
 c - an amulet of regeneration (around neck)
   (You found it on level 1 of the Dungeon)
 g - a +6 ring of intelligence
   (You found it on level 1 of the Dungeon)
 k - a ring of ice (right hand)
   (You found it on level 2 of the Dungeon)
 l - a ring of poison resistance
   (You found it on level 2 of the Dungeon)
 v - a +6 ring of strength
   (You found it on level 5 of the Dungeon)
Wands
 m - a wand of charming (9)
   (You found it on level 5 of the Dungeon)
 E - a wand of iceblast (6)
   (You found it on level 8 of the Dungeon)
Scrolls
 j - 2 scrolls of torment {!r}
 p - a scroll of summoning {unknown}
 q - a scroll of fog
 r - 2 scrolls of teleportation {@r4}
 s - a scroll of brand weapon {unknown}
 x - a scroll of blinking {unknown}
 D - a scroll of amnesia {unknown}
 L - a scroll of holy word {unknown}
 M - a scroll of magic mapping
Potions
 h - a potion of cancellation {unknown}
 i - a potion of mutation {unknown}
 n - a potion of haste {@q3}
 o - 3 potions of magic
 A - a potion of resistance {unknown}
 F - a potion of might {unknown}
 H - a potion of heal wounds {@q2}
 I - a potion of flight {unknown}
 K - a potion of invisibility {unknown}
 N - 2 potions of brilliance {unknown}


   Skills:
 + Level 6.6 Fighting
 - Level 6.7(7.9) Short Blades
 * Level 6.3(7.7) Long Blades
 + Level 3.5 Armour
 + Level 4.2 Dodging
 + Level 1.8 Stealth
 + Level 3.0 Spellcasting
 - Level 7.3 Conjurations
 - Level 7.2 Fire Magic
 * Level 9.9 Invocations


You had 10 spell levels left.
You knew the following spells:

 Your Spells              Type           Power      Damage    Failure   Level
a - Foxfire               Conj/Fire      100%       2x1d9     1%          1
b - Scorch                Fire           54%        2d7       2%          2
c - Conjure Flame         Conj/Fire      27%        6-21      5%          3

Your spell library contained the following spells:

 Spells                   Type           Power      Damage    Failure   Level
 Flame Wave               Conj/Fire      27%        2d7       19%         4
 Inner Flame              Hex/Fire       14%        N/A       24%         3
 Animate Skeleton         Necr           4%         N/A       34%         1
 Pain                     Necr           8%         1d4       34%         1
 Confusing Touch          Hex            2%         N/A       71%         3
 Frozen Ramparts          Ice            10%        1d3       71%         3
 Gell's Gravitas          Tloc           2%         N/A       71%         3
 Lesser Beckoning         Tloc           2%         N/A       71%         3
 Teleport Other           Tloc           2%         N/A       71%         3
 Tukima's Dance           Hex            2%         N/A       71%         3
 Vampiric Draining        Necr           2%         2d6       71%         3
 Ice Form                 Ice/Tmut       5%         N/A       98%         4
 Passage of Golubria      Tloc           2%         N/A       98%         4
 Summon Ice Beast         Ice/Summ       5%         N/A       98%         4
 Yara's Violent Unravell  Hex/Tmut       1%         3d3       100%        5
 Enfeeble                 Hex            1%         N/A       100%        7


Dungeon Overview and Level Annotations

Branches:
Dungeon (11/15)            Temple (0/1) D:6            Lair (0/6) D:11
    Orc (1/2) D:9           IceCv (1/1)

Altars:
Ashenzari
Cheibriados
Fedhas
Kikubaaqudgha
Sif Muna
Uskayaw
Vehumet
Wu Jian
The Shining One

Shops:
D:4 [


Innate Abilities, Weirdness & Mutations

You have a pair of small horns on your head.
You are mostly covered in yellow scales. (AC +3)
A weak demonic guardian rushes to your aid.


Message History

The foxfire hits the ice devil but does no damage. x2
The ice devil hits you but does no damage.
You conjure some foxfire!
The ice devil hits you but does no damage.
You hit the elephant simulacrum. You headbutt the elephant simulacrum.
The foxfire hits the elephant simulacrum but does no damage.
The foxfire hits the ice devil but does no damage.
The elephant simulacrum tramples you.
You stumble backwards!
You conjure some foxfire!
The ice devil misses you. The elephant simulacrum misses you.
The elephant simulacrum trunk-slaps you but does no damage.
You hit the elephant simulacrum. You headbutt the elephant simulacrum.
The foxfire hits the elephant simulacrum but does no damage.
The foxfire hits the elephant simulacrum.
The elephant simulacrum melts!
The ice devil hits you. The ice devil freezes you. You resist.
The elephant simulacrum tramples you.
You hold your ground!
The elephant simulacrum trunk-slaps you but does no damage.
You hit the ice devil but do no damage. The ice devil closely misses you.
You don't have enough magic to cast this spell.
You slash the elephant simulacrum! The ice devil barely misses you.
The elephant simulacrum tramples you but does no damage.
The elephant simulacrum barely misses you.
You hit the elephant simulacrum but do no damage.
The ice devil hits you. The ice devil freezes you. You resist.
The elephant simulacrum tramples you but does no damage.
The elephant simulacrum barely misses you.
You hit the elephant simulacrum. The ice devil closely misses you.
The elephant simulacrum closely misses you.
The elephant simulacrum barely misses you.
You conjure some foxfire!
The ice devil hits you but does no damage.
The foxfire hits the naga simulacrum.
The naga simulacrum melts!
You slash the elephant simulacrum! Fedhas accepts your kill.
The foxfire hits the naga simulacrum.
The naga simulacrum melts!
The ice devil hits you. The ice devil freezes you. You resist.
Really walk into that cloud of freezing vapour?
Okay, then.
You slash the naga simulacrum! Fedhas accepts your kill.
The ice devil closely misses you.
You barely miss the ice devil. You headbutt the ice devil.
The ice devil hits you but does no damage.
You closely miss the ice devil.
The ice devil hits you but does no damage.
You conjure some foxfire!
The ice devil closely misses you.
You hit the ice devil.
The foxfire hits the ice devil but does no damage. x2
The ice devil hits you! The ice devil freezes you. You resist.
You don't have enough magic to cast this spell.
You hit the ice devil.
The ice devil hits you but does no damage.
You hit the ice devil but do no damage.
You headbutt the ice devil, but do no damage.
The ice devil closely misses you.
You closely miss the ice devil.
You headbutt the ice devil, but do no damage.
The ice devil closely misses you.
You hit the ice devil but do no damage.
You headbutt the ice devil, but do no damage.
The ice devil barely misses you.
You hit the ice devil.
The ice devil hits you but does no damage.
You conjure some foxfire!
The ice devil hits you but does no damage.
You hit the ice devil.
The foxfire hits the ice devil.
The foxfire hits the ice devil but does no damage.
The ice devil hits you. The ice devil freezes you! You resist.
You don't have enough magic to cast this spell.
You hit the ice devil but do no damage. Your headbutt misses the ice devil.
The ice devil hits you. The ice devil freezes you. You resist.
You hit the ice devil but do no damage.
You headbutt the ice devil, but do no damage.
The ice devil barely misses you.
You hit the ice devil but do no damage.
You headbutt the ice devil, but do no damage.
The ice devil hits you but does no damage.
You hit the ice devil but do no damage.
The ice devil hits you but does no damage.
You hit the ice devil but do no damage. The ice devil hits you!
The ice devil freezes you. You resist.
You conjure some foxfire!
The ice devil completely misses you.
You hit the ice devil but do no damage. You headbutt the ice devil.
The foxfire hits the ice devil but does no damage.
The foxfire hits the ice devil.
The ice devil is burned terribly!
The ice devil hits you but does no damage.
Okay, then.
You hit the ice devil.
You headbutt the ice devil, but do no damage.
The ice devil hits you. The ice devil freezes you. You resist.
* * * LOW HITPOINT WARNING * * *
You closely miss the ice devil.
The ice devil hits you but does no damage.
You closely miss the ice devil. The ice devil hits you.
* * * LOW HITPOINT WARNING * * *
The ice devil freezes you. You resist.
* * * LOW HITPOINT WARNING * * *
You conjure some foxfire!
The ice devil hits you but does no damage.
You closely miss the ice devil.
You headbutt the ice devil, but do no damage.
The foxfire hits the ice devil but does no damage. x2
The ice devil closely misses you.
A death yak simulacrum comes into view.
Here: an ice devil (heavily wounded)
The floor.
The ice devil hits you!
* * * LOW HITPOINT WARNING * * *
The ice devil freezes you. You resist.
* * * LOW HITPOINT WARNING * * *
You feel much better.
The ice devil hits you but does no damage.
You completely miss the ice devil. Your headbutt misses the ice devil.
You punch the ice devil, but do no damage.
The ice devil closely misses you.
You hit the ice devil but do no damage. The ice devil misses you.
You conjure some foxfire!
The ice devil closely misses you.
You hit the death yak simulacrum.
The foxfire hits the death yak simulacrum but does no damage.
The foxfire hits the ice devil but does no damage.
The ice devil hits you but does no damage.
The death yak simulacrum gores you but does no damage.
You hit the death yak simulacrum but do no damage.
You headbutt the death yak simulacrum, but do no damage.
The ice devil hits you! The ice devil freezes you. You resist.
You hit the death yak simulacrum.
The death yak simulacrum gores you but does no damage.
The ice devil barely misses you.
You hit the death yak simulacrum but do no damage.
The ice devil hits you but does no damage.
The death yak simulacrum gores you.
A demonic guardian appears!
The death yak simulacrum freezes you! You resist.
* * * LOW HITPOINT WARNING * * *
You conjure some foxfire!
The ice devil hits you.
* * * LOW HITPOINT WARNING * * *
The ice devil freezes you. You resist.
* * * LOW HITPOINT WARNING * * *
The death yak simulacrum gores you!
* * * LOW HITPOINT WARNING * * *
The death yak simulacrum freezes you. You resist.
* * * LOW HITPOINT WARNING * * *
The foxfire hits the death yak simulacrum!
The death yak simulacrum melts!
The foxfire hits the ice devil!
The ice devil is burned terribly!
The death yak simulacrum gores you!
* * * LOW HITPOINT WARNING * * *
The death yak simulacrum freezes you! You resist.
You die...
Fedhas appreciates your contribution to the ecosystem.

#####
##...##
##..∩4@##
#....Z5.#
#...∩...#
##.....##
##...##
#...##
##...#
##...#
##...##


You could see an ice devil, a death yak simulacrum (ally target) and a friendly
shadow imp (summoned).

Vanquished Creatures
  Gastronok (D:11)
  2 two-headed ogres (D:11)
  Urug (D:11)
  A troll (D:9)
  2 ice devils (D:11)
  Prince Ribbit (D:8)
  7 yaks
  A steam dragon (D:4)
  A death yak simulacrum (IceCv)
  Menkaure (D:7)
  An acid dragon (D:8)
  A water moccasin (D:9)
  3 orc warriors
  2 ice beasts
  2 sky beasts
  3 black bears
  An ogre (D:4)
  A necrophage (D:5)
  7 centaurs
  3 wyvern zombies
  A bullfrog (D:7)
  A gnoll sergeant (D:8)
  3 scorpions
  A wyvern skeleton (D:7)
  An elephant simulacrum (IceCv)
  3 killer bees (D:10)
  14 wights
  2 howler monkeys (D:9)
  6 centaur zombies
  2 hounds
  A bullfrog zombie (D:5)
  3 jellies
  A bullfrog skeleton (D:5)
  3 gnoll shamans
  7 orc priests
  A centaur skeleton (D:7)
  7 iguanas
  10 orc wizards
  A howler monkey zombie (D:9)
  23 gnolls
  3 naga simulacra (IceCv)
  7 adders
  A shadow imp (D:6)
  2 white imps (IceCv)
  2 ufetubi
  4 worms
  2 dart slugs
  27 orcs
  4 endoplasms
  2 giant cockroaches
  3 hobgoblins
  9 jackals
  7 kobolds
  2 quokkas (D:3)
  5 ball pythons
  A ball python skeleton (D:3)
  6 bats
  7 frilled lizards
  10 goblins
  A rat (D:2)
238 creatures vanquished.

Vanquished Creatures (collateral kills)
  A two-headed ogre (D:8)
  4 yaks
  An ogre (D:5)
  A kobold brigand (D:9)
  An orc wizard (D:9)
  A killer bee zombie (D:8)
  An orc (D:8)
10 creatures vanquished.

Vanquished Creatures (others)
  438 foxfires
  4 plants (D:3)
442 creatures vanquished.

Grand Total: 690 creatures vanquished

Notes
Turn   | Place    | Note
-------+----------+-------------------------------------------
     0 | D:1      | CryoSword the Demonspawn Fire Elementalist began the quest
                  | for the Orb.
     0 | D:1      | Reached XP level 1. HP: 13/13 MP: 3/3
   503 | D:1      | Gained mutation: You are partially covered in yellow
                  | scales. (AC +2) [demonic ancestry]
   503 | D:1      | Reached XP level 2. HP: 20/20 MP: 5/5
  1010 | D:1      | Reached skill level 1 in Short Blades
  1237 | D:2      | Reached XP level 3. HP: 25/25 MP: 2/6
  1484 | D:2      | Learned a level 2 spell: Scorch
  2065 | D:3      | Reached XP level 4. HP: 31/31 MP: 2/7
  2790 | D:3      | Gained mutation: A weak demonic guardian rushes to your
                  | aid. [demonic ancestry]
  2790 | D:3      | Reached XP level 5. HP: 36/36 MP: 0/8
  3015 | D:3      | Found an ornate altar of the Wu Jian Council.
  3117 | D:4      | Found Poona Lyka's Antique Armour Boutique.
  3133 | D:4      | Noticed an ogre
  3140 | D:4      | Killed an ogre
  3233 | D:4      | Gained mutation: You have a pair of small horns on your
                  | head. [demonic ancestry]
  3233 | D:4      | Reached XP level 6. HP: 29/42 MP: 2/9
  3460 | D:4      | Noticed a steam dragon
  3491 | D:4      | Noticed an ice beast
  3507 | D:4      | Killed an ice beast
  3508 | D:4      | Reached skill level 1 in Fighting
  4015 | D:4      | Killed a steam dragon
  4016 | D:4      | Reached XP level 7. HP: 12/50 MP: 1/10
  4387 | D:5      | Entered Level 5 of the Dungeon
  4623 | D:5      | Found a radiant altar of Vehumet.
  4680 | D:5      | Found a snail-covered altar of Cheibriados.
  4846 | D:5      | Reached skill level 5 in Short Blades
  4973 | D:5      | Reached XP level 8. HP: 53/57 MP: 1/11
  5446 | D:5      | Reached skill level 5 in Fire Magic
  6107 | D:4      | Bought a pair of embroidered boots for 195 gold pieces
  6216 | D:6      | Found a blossoming altar of Fedhas.
  6246 | D:6      | Became a worshipper of Fedhas Madash
  6409 | D:6      | Found a staircase to the Ecumenical Temple.
  6494 | D:6      | Found an ancient bone altar of Kikubaaqudgha.
  6552 | D:6      | Reached skill level 1 in Invocations
  6653 | D:6      | Reached skill level 5 in Conjurations
  6728 | D:6      | Reached skill level 2 in Invocations
  6975 | D:5      | Reached skill level 3 in Invocations
  7066 | D:6      | Reached XP level 9. HP: 61/65 MP: 1/12
  7456 | D:6      | Reached * piety under Fedhas
  7601 | D:6      | Reached skill level 4 in Invocations
  7834 | D:4      | Bought a shiny ring mail for 182 gold pieces
  7883 | D:7      | Noticed Menkaure
  7891 | D:7      | Killed Menkaure
  7892 | D:7      | Reached skill level 1 in Long Blades
  8115 | D:7      | Reached skill level 5 in Invocations
  8758 | D:7      | Reached ** piety under Fedhas
  8766 | D:7      | Learned a level 3 spell: Conjure Flame
  8821 | D:7      | Found a broken altar of Ashenzari.
  9161 | D:8      | Noticed Prince Ribbit
  9167 | D:8      | Killed Prince Ribbit
  9168 | D:8      | Reached skill level 5 in Fighting
  9168 | D:8      | Reached skill level 6 in Invocations
  9796 | D:8      | Noticed a two-headed ogre
  9870 | D:8      | Killed a two-headed ogre
  9871 | D:8      | Reached skill level 1 in Armour
  9871 | D:8      | Gained mutation: You are mostly covered in yellow scales.
                  | (AC +3) [demonic ancestry]
  9871 | D:8      | Reached XP level 10. HP: 53/74 MP: 1/15
 10306 | D:9      | Found a staircase to the Orcish Mines.
 10491 | D:9      | Reached skill level 7 in Invocations
 11396 | D:9      | Found a shimmering blue altar of Sif Muna.
 11727 | Orc:1    | Entered Level 1 of the Orcish Mines
 11727 | Orc:1    | Noticed an orc knight
 11727 | Orc:1    | Noticed an orc sorcerer
 11743 | D:10     | Entered Level 10 of the Dungeon
 11852 | D:10     | Reached skill level 8 in Invocations
 11992 | D:10     | Reached skill level 5 in Long Blades
 12546 | D:10     | Found a hide-covered altar of Uskayaw.
 13060 | D:10     | Reached XP level 11. HP: 81/81 MP: 5/17
 13321 | D:11     | Noticed Urug
 13344 | D:11     | Killed Urug
 13442 | D:11     | Reached skill level 9 in Invocations
 13471 | D:11     | Noticed Gastronok
 13495 | D:11     | Killed Gastronok
 13504 | D:11     | Noticed a two-headed ogre
 13631 | D:11     | Killed a two-headed ogre
 13668 | D:11     | Noticed a two-headed ogre
 13680 | D:11     | Killed a two-headed ogre
 13688 | D:11     | Found a staircase to the Lair.
 13710 | D:11     | Found a frozen archway.
 13799 | IceCv    | Entered an ice cave
 13981 | IceCv    | HP: 4/83 [death yak simulacrum (9)]
 13981 | IceCv    | Slain by a death yak simulacrum

Illustrated notes

Levels and vault maps discovered:
D:1:      amcnicky_arrival_feature_with_door, layout_loops_corners
D:2:      layout_loops_ring, kennysheep_generic_room_16
D:3:      layout_rooms, nicolae_wu_jian_immortal_techniques,
          serial_bayou_ford_a, minmay_divided_ellipse
D:4:      layout_loops_ring, palyth_stone_intersect, nicolae_stop_n_shop_2
D:5:      layout_layer_cave, mainiacjoe_overflow_catch_the_wave,
          minmay_quadrilaterals
D:6:      layout_basic, mainiacjoe_overflow_tiny_flanked,
          kiku_gazebo_pond_becter, minmay_temple_entry_arrows
D:7:      layout_basic, mainiacjoe_overflow_boulevard,
          mainiacjoe_overflow_paths, uniq_menkaure
D:8:      layout_loops_ring, supply_closet_lemuel, minmay_crossroads,
          uniq_prince_ribbit1
D:9:      layout_layer_cave, nicolae_overflow_hidden_temple, orc_0_dummy
D:10:     layout_layer_cave, mainiacjoe_overflow_cross_hatched
D:11:     minmay_recursive_quarters, layout_stronghold, lair_entry_dummy,
          ebering_ghost_gozag, portal_ice_cave_demonic_guard, uniq_gastronok,
          uniq_urug, uniq_psyche
Orc:1:    layout_caves
IceCv:    ice_cave_small_demon

Skill      XL: |  1  2  3  4  5  6  7  8  9 10 11 |
---------------+----------------------------------+-----
Fire Magic     | 3 4 5 6 7 |  7.2
Short Blades   | 1 2 3 4 5 6 |  6.7
Conjurations   | 2 3 4 5 6 7 |  7.3
Fighting       | 2 4 5 6 |  6.6
Invocations    | 3 6 8 9 |  9.9
Long Blades    | 3 5 6 |  6.3
Spellcasting   | 3 |  3.0
Dodging        | 2 3 4 |  4.2
Armour         | 1 2 3 |  3.5
Stealth        | |  1.8

Action                   |  1- 3 |  4- 6 |  7- 9 | 10-12 || total
-------------------------+-------+-------+-------+-------++-------
Melee: Dagger            |    68 |    38 |   111 |    69 ||   286
       Club              |     1 |       |       |       ||     1
       Unarmed           |     1 |       |       |       ||     1
       Punch             |     2 |     1 |     2 |     6 ||    11
       Headbutt          |       |     1 |    32 |    74 ||   107
       Rapier            |       |       |    16 |       ||    16
       Falchion          |       |       |    29 |    21 ||    50
       Long sword        |       |       |       |   129 ||   129
Throw: Dart              |       |     1 |     5 |     2 ||     8
 Cast: Foxfire           |    33 |    29 |   113 |    73 ||   248
       Scorch            |     1 |    35 |   113 |    83 ||   232
       Conjure Flame     |       |       |       |     1 ||     1
Invok: Wall of Briars    |       |       |     3 |     9 ||    12
  Use: Scroll            |       |     3 |     1 |     4 ||     8
       Potion            |       |       |       |     7 ||     7
 Stab: Sleeping          |     5 |     4 |     1 |       ||    10
Armor: Robe              |    23 |    19 |       |       ||    42
       Leather armour    |       |       |    21 |       ||    21
       Ring mail         |       |       |    91 |   174 ||   265
Dodge: Dodged            |    46 |    32 |   180 |   196 ||   454
